 Dungeon Crawl Stone Soup version 0.29.1-12-g30fa7ad0bf (webtiles) character file.

Game seed: 7061037390494172178

88536 Lutefisk the Stormcaller (level 15, 0/92 HPs)
             Began as a Tengu Air Elementalist on Dec 28, 2022.
             Was a High Priest of Sif Muna.
             Killed from afar by an eleionoma (20 damage)
             ... with a spray of wooden splinters
             ... on level 1 of the Swamp.
             The game lasted 01:58:04 (15989 turns).

Lutefisk the Stormcaller (Tengu Air Elementalist)  Turns: 15989, Time: 01:58:05

Health: 0/92       AC:  8    Str:  8    XL:     15   Next: 94%
Magic:  26/32      EV: 22    Int: 22    God:    Sif Muna [*****.]
Gold:   706        SH:  8    Dex: 22    Spells: 5/38 levels left

rFire   . . .      SeeInvis .   t - staff of air
rCold   . . .      Faith    .   U - +0 buckler
rNeg    + . .      Spirit   .   M - +0 troll leather armour
rPois   +          Reflect  .   (helmet restricted)
rElec   +          Harm     .   O - +1 cloak "Koshrev" {rN+}
rCorr   .          Rampage  .   (no gloves)
Will    +....                   (boots unavailable)
Stlth   +++.......              y - amulet of magic regeneration
HPRegen 1.05/turn               Z - ring of poison resistance
MPRegen 0.63/turn               K - +6 ring of dexterity

@: flying quickly and evasively, quick
A: beak, talons 3, nimble flight
a: Renounce Religion, Channel Magic, Forget Spell, Divine Exegesis


You were on level 1 of the Swamp.
You worshipped Sif Muna.
Sif Muna was extremely pleased with you.
You visited 5 branches of the dungeon, and saw 25 of its levels.
You also visited: Ossuary.

You collected 2531 gold pieces.
You spent 1825 gold pieces at shops.

Inventory:

Hand Weapons
 a - the +6 morningstar "Capal" {vorpal, rC+ Int+2 Dex+2}
   (You took it off an efreet on level 12 of the Dungeon)

   It inflicts extra damage upon your enemies.
   Int:       It affects your intelligence (+2).
   Dex:       It affects your dexterity (+2).
   rC:        It protects you from cold.
 X - the +10 spear "Napradif" {speed, rN+ rCorr Dex+4}
   (You found it on level 15 of the Dungeon)

   Attacks with this weapon are significantly faster.
   Dex:       It affects your dexterity (+4).
   rN:        It protects you from negative energy.
   rCorr:     It protects you from acid and corrosion.
Missiles
 E - 5 throwing nets
 F - a curare-tipped dart (quivered)
Armour
 M - a +0 troll leather armour (worn)
 O - the +1 cloak "Koshrev" (worn) {rN+}
   (You found it on level 4 of the Lair of Beasts)

   rN:        It protects you from negative energy.
 U - a +0 buckler (worn)
Magical Staves
 t - a staff of air (weapon)
Jewellery
 g - the ring "Qyskot" {rN+ Will+}
   (You took it off an efreet on level 12 of the Dungeon)

   [ring of willpower]

   rN:        It protects you from negative energy.
   Will:      It increases your willpower.
 w - the ring of Wonder {rC+ rN+ Str-5 Dex+2 SInv}
   (You found it on level 5 of the Dungeon)

   [ring of protection from cold]

   Str:       It affects your strength (-5).
   Dex:       It affects your dexterity (+2).
   rC:        It protects you from cold.
   rN:        It protects you from negative energy.
   SInv:      It lets you see invisible.
 y - an amulet of magic regeneration (around neck)
 K - a +6 ring of dexterity (right hand)
 T - an amulet of reflection
 Y - a ring of protection from fire
 Z - a ring of poison resistance (left hand)
Wands
 j - a wand of iceblast (28)
 C - a wand of digging (2)
 G - a wand of paralysis (13)
 N - a wand of flame (11)
 R - a wand of mindburst (7)
Scrolls
 d - 6 scrolls of teleportation
 m - 4 scrolls of immolation
 o - 3 scrolls of fear
 v - a scroll of torment {unknown}
 x - 6 scrolls of poison
 B - 3 scrolls of enchant weapon
 D - 5 scrolls of vulnerability
 H - 7 scrolls of blinking
 J - a scroll of amnesia {unknown}
 L - 3 scrolls of fog
 P - 3 scrolls of acquirement {unknown}
 S - 5 scrolls of enchant armour
Potions
 b - 6 potions of magic
 c - 12 potions of curing
 e - 3 potions of attraction
 f - 7 potions of haste
 h - 2 potions of berserk rage {unknown}
 i - 8 potions of heal wounds
 k - 2 potions of degeneration {unknown}
 n - 6 potions of brilliance
 p - 3 potions of mutation
 q - 3 potions of resistance
 r - 2 potions of ambrosia
 s - 7 potions of lignification
 u - 3 potions of might {unknown}
 A - 3 potions of flight {unknown}
 W - 2 potions of invisibility {unknown}
Miscellaneous
 l - a tin of tremorstones (2/2)
 z - a condenser vane
 I - a lightning rod (4/4)
 Q - a phial of floods
 V - a box of beasts


   Skills:
 - Level 10.0 Fighting
 - Level 6.0 Staves
 - Level 1.0 Throwing
 - Level 10.0 Armour
 - Level 10.0 Dodging
 - Level 3.0 Stealth
 - Level 10.0 Shields
 - Level 12.0 Spellcasting
 - Level 8.0 Conjurations
 - Level 2.0 Ice Magic
 * Level 15.9 Air Magic
 * Level 5.3 Invocations
 - Level 6.0 Evocations


You had 5 spell levels left.
You knew the following spells:

 Your Spells              Type           Power      Damage    Failure   Level
a - Shock                 Conj/Air       100%       1d9       1%          1
b - Static Discharge      Conj/Air       78%        3-13/arc  1%          2
c - Swiftness             Air            90%        N/A       1%          3
d - Airstrike             Air            45%        2d(7-23)  1%          4
e - Mephitic Cloud        Conj/Pois/Air  64%        N/A       1%          3
f - Freezing Cloud        Conj/Ice/Air   33%        6-21      6%          5
g - Lightning Bolt        Conj/Air       39%        1d57      1%          5
h - Blink                 Tloc           26%        N/A       12%         2
i - Maxwell's Capacitive  Air            45%        ∞         58%         8

Your spell library contained the following spells:

 Spells                   Type           Power      Damage    Failure   Level
 Foxfire                  Conj/Fire      100%       2x1d9     1%          1
 Magic Dart               Conj           100%       1d8       1%          1
 Poisonous Vapours        Pois/Air       100%       N/A       1%          2
 Searing Ray              Conj           96%        2d7       1%          2
 Conjure Flame            Conj/Fire      30%        6-21      4%          3
 Sting                    Tmut/Pois      52%        1d5       8%          1
 Ensorcelled Hibernation  Hex/Ice        34%        N/A       8%          2
 Corpse Rot               Necr/Pois/Air  53%        N/A       9%          4
 Iskenderun's Battlesphe  Conj           48%        2d10      9%          5
 Hailstorm                Conj/Ice       35%        3d9       10%         4
 Frozen Ramparts          Ice            44%        1d7       11%         3
 Call Imp                 Summ           13%        N/A       12%         2
 Passwall                 Tmut/Erth      10%        N/A       12%         2
 Sublimation of Blood     Necr           13%        N/A       12%         2
 Wereblood                Tmut           13%        N/A       12%         2
 Flame Wave               Conj/Fire      30%        2d9       16%         4
 Fulminant Prism          Conj/Hex       15%        3d11      16%         4
 Iskenderun's Mystic Bla  Conj/Tloc      30%        2d8       16%         4
 Confusing Touch          Hex            13%        N/A       24%         3
 Gell's Gravitas          Tloc           13%        N/A       24%         3
 Ignite Poison            Fire/Tmut/Pois 13%        N/A       24%         3
 Inner Flame              Hex/Fire       13%        N/A       24%         3
 Spider Form              Tmut/Pois      13%        N/A       24%         3
 Teleport Other           Tloc           13%        N/A       24%         3
 Fireball                 Conj/Fire      15%        3d8       38%         5
 Irradiate                Conj/Tmut      15%        3d16      38%         5
 Ice Form                 Ice/Tmut       17%        N/A       45%         4
 Summon Ice Beast         Ice/Summ       17%        N/A       45%         4
 Animate Dead             Necr           13%        N/A       61%         4
 Olgreb's Toxic Radiance  Pois           13%        N/A       61%         4
 Petrify                  Tmut/Erth      13%        N/A       61%         4
 Metabolic Englaciation   Hex/Ice        8%         N/A       82%         5
 Agony                    Necr           13%        N/A       91%         5
 Blade Hands              Tmut           6%         N/A       91%         5
 Manifold Assault         Tloc           13%        N/A       91%         5
 Yara's Violent Unravell  Hex/Tmut       6%         3d5       91%         5
 Conjure Ball Lightning   Conj/Air       39%        3x3d13    9%          6
 Iron Shot                Conj/Erth      15%        9d4       93%         6
 Orb of Destruction       Conj           24%        9d9       94%         7
 Storm Form               Tmut/Air       32%        N/A       95%         7
 Dispersal                Tloc           6%         N/A       100%        6
 Simulacrum               Ice/Necr       8%         N/A       100%        6
 Statue Form              Tmut/Erth      8%         N/A       100%        6
 Dragon Form              Tmut           6%         N/A       100%        7
 Enfeeble                 Hex            6%         N/A       100%        7
 Ozocubu's Refrigeration  Ice            11%        4d9       100%        7
 Spellforged Servitor     Conj/Summ      15%        N/A       100%        7
 Summon Hydra             Summ           6%         N/A       100%        7
 Borgnjor's Revivificati  Necr           6%         N/A       100%        8
 Ignition                 Fire           6%         3d4       100%        8
 Chain Lightning          Conj/Air       39%        3d52      100%        9


Dungeon Overview and Level Annotations

Branches:
Dungeon (15/15)            Temple (1/1) D:4            Lair (5/5) D:11
  Swamp (2/4) Lair:3       Spider (0/4) Lair:2        Slime (0/5) Lair:5
    Orc (2/2) D:12            Elf (0/3) Orc:2        Vaults (0/5) D:14
Ossuary (visited)
 Depths: D:15

Altars:
Ashenzari
Cheibriados
Dithmenos
Elyvilon
Fedhas
Gozag
Hepliaklqana
Kikubaaqudgha
Makhleb
Nemelex Xobeh
Okawaru
Qazlal
Ru
Sif Muna
Trog
Uskayaw
Vehumet
Wu Jian
Xom
Yredelemnul
Zin
The Shining One
Jiyva

Shops:
D:5 (   D:8 =?*?   D:13 !   D:15 [   Orc:1 *(*!!   Orc:2 =??(:

Annotations:
D:8 Maurice
D:10 Lodul
D:11 Nergalle


Innate Abilities, Weirdness & Mutations

You have a beak for a mouth.
You have claws for feet.
Your magical nature lets you fly swiftly and evasively.


Message History

You kill the tyrant leech!
Sif Muna accepts your kill.
Your pack is full.
You see here a ring of protection from fire.
You drop a wand of acid (1).
Y - a ring of protection from fire You now have 706 gold pieces (gained 16).
Found a stone staircase leading down.
Found a scroll of teleportation.
A bloated husk comes into view.
Found a wand of paralysis (4).
Casting: Airstrike (safe; 1% risk of failure)
Confirm with . or Enter, or press ? or * to list all spells.
Aiming: Airstrike (safe; 1% risk of failure)
Press: ? - help, Dir - move target, f - bloated husk
Aim: a bloated husk (empty space bonus: 8/8)
You feel a surge of power!
The air twists around and strikes the bloated husk!
The bloated husk is heavily damaged.
Unknown command.
Casting: Airstrike (safe; 1% risk of failure)
Confirm with . or Enter, or press ? or * to list all spells.
Aiming: Airstrike (safe; 1% risk of failure)
Press: ? - help, Dir - move target, f/p - bloated husk
Aim: a bloated husk (heavily damaged, empty space bonus: 7/8)
You feel a surge of power!
The air twists around and strikes the bloated husk!!!
Sif Muna accepts your kill.
The bloated husk explodes!
You hear a deafening roar!
You hear a shout!
There is a stone staircase leading up here.
You fly upwards.
The eleionoma shouts!
The spriggan druid shouts!
The bunyip gives a hideous shriek!
The bunyip completely misses you. The bunyip claws you!! The bunyip claws you!
* * * LOW HITPOINT WARNING * * *
The spriggan druid splashes around in the water.
The eleionoma hurls a spray of splinters at you.
The spray of wooden splinters hits you!!
You die...

♣♣♣♣♣♣♣♣♣ ♣~.ti@x≈♣
♣≈.♣♣~♣♣.~♣ .≈♣ ♣♣ ♣.R
≈.~ ♣♣♣ ♣♣♣♣ ♣~♣♣ ♣
~♣♣.~♣ ~~~
♣~.♣♣.♣♣.~♣♣~~~♣♣♣♣
♣~♣♣ ..♣≈~.. ♣~~~~♣.~♣♣
♣♣~.♣♣♣.≈≈≈.♣♣♣.......~


You could see a bunyip, an eleionoma, an alligator and a spriggan druid.

Vanquished Creatures
  A stone giant (D:15)
  An eleionoma (Swamp:1)
  Snorg (Orc:1)
  Josephine (D:11)
  Harold (Orc:1)
  8 hydras
  Fannar (D:12)
  An ogre mage (D:12)
  3 vault guards (D:14)
  A centaur warrior (D:15)
  3 two-headed ogres
  6 boulder beetles
  3 catoblepae
  Erica (D:8)
  3 tengu warriors
  A deep troll shaman (Lair:5)
  15 death yaks
  Sonja (Lair:1)
  A fire crab (Lair:5)
  3 goliath frogs (Swamp:1)
  A deep elf archer (D:12)
  A lindwurm (Lair:3)
  A swamp dragon (Swamp:1)
  9 orc knights (Orc:2)
  A deep elf pyromancer (D:12)
  13 ugly things (D:15)
  An orc sorcerer (Orc:2)
  A moth of wrath (shapeshifter) (D:8)
  7 cyclopes
  A manticore (D:12)
  9 elephants
  A will-o-the-wisp (Swamp:2)
  7 black mambas
  An unseen horror (D:12)
  9 cane toads
  3 freezing wraiths
  3 torpor snails (Lair:4)
  5 rime drakes
  An efreet (D:12)
  A kobold demonologist (D:11)
  A rime drake (shapeshifter) (D:15)
  2 tengu conjurers
  5 komodo dragons
  2 bloated husks
  2 hornets
  3 polar bears
  4 tyrant leeches
  10 trolls
  6 dream sheep
  12 blink frogs (Lair:4)
  5 slime creatures
  A centaur simulacrum (D:12)
  A shadow (D:12)
  3 culicivoras (Lair:2)
  A spriggan (Swamp:1)
  4 wyverns
  A ynoxinul (D:10)
  23 yaks
  7 basilisks
  A basilisk (shapeshifter) (D:12)
  2 steam dragons
  6 wraiths
  5 vampire mosquitoes
  5 wargs (Orc:2)
  5 swamp worms
  13 water moccasins
  A sky beast (D:7)
  32 orc warriors
  9 ogres
  12 wolves
  5 centaurs
  2 phantoms (D:4)
  3 kobold brigands
  9 bullfrogs
  4 gnoll sergeants
  4 scorpions (D:4)
  A hornet simulacrum (D:14)
  5 wights
  4 killer bees (D:10)
  7 howler monkeys
  5 orc priests
  A hound (D:4)
  5 jellies
  2 gnoll boudas (D:7)
  Terence (D:3)
  2 iguanas (D:7)
  13 orc wizards
  8 mummies (Ossuary)
  A killer bee simulacrum (D:9)
  Robin (D:3)
  13 gnolls
  5 adders
  A shadow imp (D:7)
  2 white imps
  3 ufetubi
  4 dart slugs
  62 orcs
  6 ball pythons
  8 bats
  3 endoplasms
  5 giant cockroaches
  13 goblins
  9 hobgoblins
  2 jackals (D:1)
  4 quokkas
  2 frilled lizards
  3 gnoll zombies (Ossuary)
  12 kobolds
  A kobold zombie (Ossuary)
  4 orc zombies (Ossuary)
  4 rats (D:1)
565 creatures vanquished.

Vanquished Creatures (others)
  A bush (Lair:5)
  2 foxfires (Swamp:2)
  12 fungi
  43 plants
58 creatures vanquished.

Grand Total: 623 creatures vanquished

Notes
Turn   | Place    | Note
-------+----------+-------------------------------------------
     0 | D:1      | Lutefisk the Tengu Air Elementalist began the quest for the
                  | Orb.
     0 | D:1      | Reached XP level 1. HP: 10/10 MP: 4/4
    57 | D:1      | Found a faded altar of an unknown god.
    72 | D:1      | Reached skill level 1 in Fighting
    86 | D:1      | Reached XP level 2. HP: 14/16 MP: 1/6
   349 | D:2      | Reached XP level 3. HP: 14/22 MP: 2/7
   680 | D:3      | Learned a level 2 spell: Static Discharge
   706 | D:3      | Noticed Terence
   729 | D:3      | Killed Terence
   730 | D:3      | Reached XP level 4. HP: 11/28 MP: 0/8
   741 | D:3      | Learned a level 3 spell: Swiftness
   793 | D:3      | Reached skill level 5 in Air Magic
   860 | D:4      | Gained mutation: Your magical nature lets you fly swiftly
                  | and evasively. [Tengu growth]
   860 | D:4      | Reached XP level 5. HP: 5/32 MP: 2/9
  1473 | D:4      | Reached skill level 1 in Armour
  1473 | D:4      | Reached skill level 6 in Air Magic
  1779 | D:4      | Found a staircase to the Ecumenical Temple.
  1785 | Temple   | Entered the Ecumenical Temple
  1962 | D:3      | Noticed Robin
  1992 | D:3      | Reached XP level 6. HP: 35/37 MP: 3/10
  1995 | D:3      | Killed Robin
  2037 | D:3      | Found an ancient bone altar of Kikubaaqudgha.
  2178 | D:4      | Reached skill level 7 in Air Magic
  2235 | D:4      | HP: 1/37 [poisoned by a scorpion]
  2546 | D:4      | Reached XP level 7. HP: 28/42 MP: 6/11
  2580 | D:4      | Reached skill level 8 in Air Magic
  2971 | D:4      | Learned a level 4 spell: Airstrike
  2984 | D:5      | Entered Level 5 of the Dungeon
  2990 | D:5      | Found a sand-covered staircase.
  2999 | Ossuary  | Entered an ossuary
  3566 | D:4      | Reached skill level 5 in Fighting
  3566 | D:4      | Reached XP level 8. HP: 49/49 MP: 8/12
  3689 | D:5      | Found Xytynt Ircho's Weapon Shoppe.
  3949 | D:5      | Identified the ring of Wonder {rC+ rN+ Str-5 Dex+2 SInv}
  4837 | D:7      | Noticed a wyvern
  4846 | D:7      | Killed a wyvern
  4847 | D:7      | Reached skill level 5 in Armour
  4847 | D:7      | Reached skill level 5 in Dodging
  5074 | D:8      | Found Ureo's Assorted Antiques.
  5089 | D:8      | Bought a scroll labelled LOSIOG YNULEST for 25 gold pieces
  5089 | D:8      | Bought an encrusted silver wand for 100 gold pieces
  5098 | D:8      | Found Heenk's Magic Scroll Emporium.
  5104 | D:8      | Bought a scroll of teleportation for 36 gold pieces
  5104 | D:8      | Bought 3 scrolls of blinking for 270 gold pieces
  5104 | D:8      | Bought a scroll of teleportation for 36 gold pieces
  5104 | D:8      | Bought a scroll of poison for 48 gold pieces
  5117 | D:8      | Found Qublikh's Jewellery Shoppe.
  5130 | D:8      | Reached XP level 9. HP: 42/55 MP: 9/13
  5229 | D:8      | Noticed Maurice
  5246 | D:8      | Reached skill level 1 in Evocations
  5355 | D:8      | Found Gerig's Magic Scroll Shop.
  5379 | D:8      | Bought a scroll of poison for 40 gold pieces
  5379 | D:8      | Bought a scroll of blinking for 75 gold pieces
  5576 | D:8      | Noticed Erica
  5581 | D:8      | Killed Erica
  5582 | D:8      | Reached skill level 1 in Throwing
  5584 | D:8      | Found a white marble altar of Elyvilon.
  5659 | D:8      | Found a basalt altar of Yredelemnul.
  5703 | D:8      | Noticed an efreet
  6076 | D:7      | Reached XP level 10. HP: 43/63 MP: 2/14
  6263 | D:8      | Noticed a fire crab
  6271 | D:8      | Noticed a moth of wrath
  6283 | D:8      | Killed a moth of wrath
  6372 | D:9      | Noticed a deep elf pyromancer
  6469 | D:9      | Found an iron altar of Okawaru.
  6614 | D:9      | Paralysed by a hornet for 2 turns
  6726 | D:9      | Reached skill level 5 in Evocations
  7273 | D:9      | Found a glowing golden altar of the Shining One.
  7438 | D:10     | Entered Level 10 of the Dungeon
  7589 | D:10     | You are sucked into a shaft and drop 2 floors!
  7600 | D:12     | Noticed Fannar
  7634 | D:12     | Noticed an unseen horror
  7731 | D:12     | Killed an unseen horror
  7769 | D:11     | Found an ornate altar of the Wu Jian Council.
  7811 | D:11     | Noticed a boulder beetle
  7830 | D:11     | Reached XP level 11. HP: 51/71 MP: 4/15
  7926 | D:11     | Noticed Nergalle
  7983 | D:12     | Reached skill level 1 in Shields
  7989 | D:12     | Learned a level 3 spell: Mephitic Cloud
  8317 | D:10     | Found a stormy altar of Qazlal.
  8344 | D:10     | Found an opulent altar of Gozag.
  8411 | D:10     | Noticed Lodul
  8694 | D:10     | Found a bloodstained altar of Trog.
  8719 | D:10     | Found a shimmering blue altar of Sif Muna.
  8723 | D:10     | Got Sif Muna's Incunabulum of the Crypt
  8725 | D:10     | Became a worshipper of Sif Muna the Loreminder
  8756 | D:10     | Identified the +11 arbalest of Broken Luck {venom, Will+
                  | Int+4 Stlth+}
  8791 | D:11     | Found a staircase to the Lair.
  8830 | Lair:1   | Entered Level 1 of the Lair of Beasts
  8840 | Lair:1   | Reached skill level 5 in Shields
  8944 | Lair:1   | Noticed Sonja
  8949 | Lair:1   | Noticed a four-headed hydra
  8951 | Lair:1   | Killed Sonja
  9035 | Lair:1   | Killed a four-headed hydra
  9036 | Lair:1   | Reached skill level 9 in Air Magic
  9149 | Lair:1   | Noticed an eight-headed hydra
  9298 | Lair:2   | Found a hole to the Spider Nest.
  9386 | Lair:2   | Reached * piety under Sif Muna
  9449 | Lair:2   | Noticed a death yak
  9462 | Lair:2   | Noticed a death yak
  9473 | Lair:2   | Learned a level 5 spell: Freezing Cloud
  9504 | Lair:2   | Reached XP level 12. HP: 63/76 MP: 11/19
  9588 | Lair:3   | Reached skill level 1 in Ice Magic
  9588 | Lair:3   | Reached skill level 1 in Invocations
  9618 | Lair:3   | Reached skill level 10 in Air Magic
  9757 | Lair:3   | Noticed a boulder beetle
  9778 | Lair:3   | Killed a boulder beetle
  9843 | Lair:3   | Reached skill level 5 in Spellcasting
  9870 | Lair:3   | Reached skill level 5 in Conjurations
  9934 | Lair:3   | Found a staircase to the Swamp.
 10090 | Lair:5   | Entered Level 5 of the Lair of Beasts
 10156 | Lair:5   | Noticed a death yak
 10157 | Lair:5   | Noticed a death yak
 10157 | Lair:5   | Noticed a death yak
 10176 | Lair:5   | Killed a death yak
 10217 | Lair:5   | Noticed a five-headed hydra
 10259 | Lair:5   | Noticed a death yak
 10261 | Lair:5   | Noticed a death yak
 10281 | Lair:5   | Noticed a death yak
 10281 | Lair:5   | Noticed a death yak
 10281 | Lair:5   | Noticed a death yak
 10281 | Lair:5   | Noticed a death yak
 10457 | Lair:4   | Reached ** piety under Sif Muna
 10616 | Lair:4   | Reached skill level 11 in Air Magic
 10639 | Lair:4   | Reached XP level 13. HP: 70/80 MP: 2/23
 10714 | Lair:4   | Identified the +1 cloak "Koshrev" {rN+}
 10768 | Lair:4   | Reached skill level 5 in Invocations
 10885 | Lair:4   | Reached skill level 12 in Air Magic
 11288 | Lair:5   | Reached skill level 1 in Staves
 11465 | Lair:5   | Learned a level 5 spell: Lightning Bolt
 11481 | Lair:5   | Reached *** piety under Sif Muna
 11593 | Lair:5   | Noticed a dire elephant
 11637 | Lair:5   | Found a viscous altar of Jiyva.
 11637 | Lair:5   | Found a staircase to the Slime Pits.
 11798 | Lair:5   | Reached XP level 14. HP: 82/86 MP: 10/28
 11862 | Lair:5   | Reached skill level 10 in Spellcasting
 12318 | D:11     | Noticed Josephine
 12325 | D:11     | Killed Josephine
 12326 | D:11     | Reached skill level 10 in Dodging
 12347 | D:11     | Reached skill level 10 in Armour
 12391 | D:11     | Reached skill level 5 in Staves
 12523 | D:11     | Reached **** piety under Sif Muna
 12678 | D:12     | Found a staircase to the Orcish Mines.
 12687 | Orc:1    | Entered Level 1 of the Orcish Mines
 12687 | Orc:1    | Found Laan's Antique Weapon Boutique.
 12703 | Orc:1    | Found Wyegion's Distillery.
 12711 | Orc:1    | Bought a potion of magic for 104 gold pieces
 12711 | Orc:1    | Bought a potion of curing for 39 gold pieces
 12711 | Orc:1    | Bought a potion of magic for 104 gold pieces
 12711 | Orc:1    | Bought a potion of heal wounds for 65 gold pieces
 12711 | Orc:1    | Bought a potion of curing for 39 gold pieces
 12726 | Orc:1    | Found Zytupnat's Distillery.
 12741 | Orc:1    | Bought a potion of lignification for 30 gold pieces
 12781 | Orc:1    | Noticed Snorg
 12800 | Orc:1    | Killed Snorg
 12816 | Orc:1    | Found Zasud's General Store.
 12820 | Orc:1    | Noticed Harold
 12837 | Orc:1    | Killed Harold
 12866 | Orc:1    | Bought a scroll of teleportation for 42 gold pieces
 12866 | Orc:1    | Bought a potion of resistance for 140 gold pieces
 12874 | Orc:1    | Found Feomuan's General Store.
 12896 | Orc:1    | Bought a potion of curing for 30 gold pieces
 12896 | Orc:1    | Bought a scroll of blinking for 75 gold pieces
 12936 | Orc:2    | Entered Level 2 of the Orcish Mines
 13096 | Orc:2    | Found Duoplyu's Weapon Shop.
 13114 | Orc:2    | Found Diskez's Book Shoppe.
 13185 | Orc:2    | Found Yciastrabeca's Jewellery Shop.
 13187 | Orc:2    | Reached ***** piety under Sif Muna
 13190 | Orc:2    | Received a gift from Sif Muna
 13191 | Orc:2    | Reached skill level 10 in Fighting
 13191 | Orc:2    | Reached skill level 10 in Shields
 13195 | Orc:2    | Got Sif Muna's Codex of Necrotic Putrescence {god gift}
 13196 | Orc:2    | Found Ykky's Magic Scroll Shoppe.
 13245 | Orc:2    | Bought a scroll of teleportation for 45 gold pieces
 13245 | Orc:2    | Bought a scroll of blinking for 112 gold pieces
 13260 | Orc:2    | Found a staircase to the Elven Halls.
 13405 | Orc:2    | Found Poaf's Magic Scroll Shoppe.
 13424 | Orc:2    | Bought a scroll of teleportation for 36 gold pieces
 13424 | Orc:2    | Bought a scroll of fog for 48 gold pieces
 13424 | Orc:2    | Bought a scroll of blinking for 90 gold pieces
 13424 | Orc:2    | Bought a scroll of teleportation for 36 gold pieces
 13424 | Orc:2    | Bought a scroll of enchant armour for 90 gold pieces
 13646 | D:12     | Reached skill level 13 in Air Magic
 13682 | D:12     | Reached XP level 15. HP: 92/92 MP: 2/30
 13742 | D:12     | Identified the +6 morningstar "Capal" {vorpal, rC+ Int+2
                  | Dex+2}
 13742 | D:12     | Identified the ring "Qyskot" {rN+ Will+}
 13838 | D:12     | Reached skill level 14 in Air Magic
 13857 | D:13     | Found Pegekli's Distillery.
 13860 | D:13     | Bought a potion of heal wounds for 70 gold pieces
 14018 | D:15     | Entered Level 15 of the Dungeon
 14039 | D:15     | Learned a level 2 spell: Blink
 14042 | D:15     | Found a bloodstained altar of Trog.
 14061 | D:15     | Identified the +10 spear "Napradif" {speed, rN+ rCorr
                  | Dex+4}
 14255 | D:15     | Reached skill level 15 in Air Magic
 14292 | D:15     | Found Kiruddyp's Antique Armour Boutique.
 14692 | D:14     | Found a gate to the Vaults.
 14900 | D:14     | Learned a level 8 spell: Maxwell's Capacitive Coupling
 15057 | D:13     | Received a gift from Sif Muna
 15066 | D:13     | Got Sif Muna's Encyclopedia of Combat Magic {god gift}
 15187 | D:12     | Killed Fannar
 15400 | Swamp:1  | Entered Level 1 of the Swamp
 15989 | Swamp:1  | Killed from afar by an eleionoma

Illustrated notes

Levels and vault maps discovered:
D:1:      amcnicky_arrival_single_pillar, layout_loops_ring,
          dreamdust_ecumenical_altar_grove, kennysheep_doodads,
          chequers_serial_rivers_small_a
D:2:      layout_basic, minmay_misc_feat_alley, minivault_24,
          chequers_serial_rivers_micro_d
D:3:      layout_rooms, mainiacjoe_overflow_alcove_2, uniq_terence, uniq_robin
D:4:      layout_cave_pods, minmay_temple_entry_fiery, st_stairs_14
D:5:      layout_cave_pods, serial_shops, kennysheep_mini_moat,
          nicolae_ossuary_entry_monument, minmay_increasing_density
D:6:      layout_loops_ring
D:7:      minmay_razor_zed, layout_basic
D:8:      layout_gridville, kennysheep_ying_yang, serial_shops,
          nicolae_lakefront_shop, shop, shop_coins, shop, nicolae_diamond_shop,
          minmay_diamond_spiral, uniq_maurice, uniq_erica, uniq_maggie
D:9:      minmay_general_purpose_star, layout_irregular_city,
          mainiacjoe_overflow_concentric_impassable,
          mainiacjoe_overflow_catwalk, minmay_fractal_squares_gapless_7
D:10:     layout_loops_ring, nzn_overflow_gifts_of_might_and_magic,
          nicolae_gozag_seed_capital, mainiacjoe_overflow_small_starburst,
          grunt_ministairs_7, uniq_lodul
D:11:     layout_roguey, david_lair_shrubbed,
          nicolae_wu_jian_immortal_techniques, uniq_josephine, uniq_nergalle
D:12:     minmay_the_grid_triangle_9x9_recursive_2
          [minmay_the_grid_triangle_9x9_prize_schism,
          minmay_the_grid_triangle_9x9_descending_squares,
          minmay_the_grid_triangle_9x9_impossible_snake,
          minmay_the_grid_triangle_9x9_longest], layout_gridville, orc_0_dummy,
          uniq_fannar
D:13:     layout_roguey, serial_shops, nicolae_stop_n_shop_1
D:14:     layout_irregular_city, lightli_vaults_fourway_checkpoint, minivault_14
D:15:     grunt_enter_depths_snipers, layout_long_grid,
          trog_three_pillars_becter, serial_shops, shop,
          ebering_dispersal_statue_hall
Temple:   nicolae_temple_bog_church
Lair:1:   layout_chaotic_city, uniq_sonja
Lair:2:   layout_chaotic_city, hellmonk_spider_entry_life_and_decay
Lair:3:   layout_chaotic_city, swamp_mist_pool, roderic_batcave
Lair:4:   nzn_winding_woodlands_large [nzn_winding_woodlands_5x5_default,
          nzn_winding_woodlands_5x15_default, nzn_winding_woodlands_5x5_default,
          nzn_winding_woodlands_center_garden,
          nzn_winding_woodlands_15x15_boxy_spiral,
          nzn_winding_woodlands_center_diamonds,
          nzn_winding_woodlands_5x5_default, nzn_winding_woodlands_5x15_parted,
          nzn_winding_woodlands_5x5_three], layout_layer_cave
Lair:5:   grunt_lair_end_beastmaster, layout_regular_city,
          dpeg_slime_entry_enclosed, serial_rivers,
          chequers_serial_rivers_micro_d, chequers_serial_rivers_small_a,
          chequers_serial_rivers_micro_b, chequers_serial_rivers_micro_d,
          chequers_serial_rivers_micro_a, lemuel_old_faithful
Swamp:1:  layout_basic_swamp, hangedman_swamp_diagram, swamp_pool1,
          hangedman_swamp_grove
Swamp:2:  layout_falls_marsh, evilmike_swamp_ruin_rubble_2, swamp_pool4
Orc:1:    layout_caves, serial_shops, shop, nicolae_shop_statue_plus,
          shop_fountains, nicolae_diamond_shop, nicolae_shop_trees, uniq_harold,
          uniq_snorg
Orc:2:    st_orc_town, layout_caves, serial_shops, nicolae_square_shop

Skill      XL: |  1  2  3  4  5  6  7  8  9 10 11 12 13 14 15 |
---------------+----------------------------------------------+-----
Fighting       | 1 2 3 5 6 7 9 10 | 10.0
Conjurations   | 2 3 6 8 |  8.0
Air Magic      | 5 6 7 8 9 11 12 13 15 | 15.9
Armour         | 1 3 5 7 8 9 10 | 10.0
Dodging        | 3 5 7 8 9 10 | 10.0
Stealth        | 3 |  3.0
Evocations     | 4 5 6 |  6.0
Throwing       | 1 |  1.0
Shields        | 6 8 10 | 10.0
Spellcasting   | 4 6 9 10 12 | 12.0
Ice Magic      | 2 |  2.0
Invocations    | 4 5 |  5.3
Staves         | 4 6 |  6.0

Action                   |  1- 3 |  4- 6 |  7- 9 | 10-12 | 13-15 || total
-------------------------+-------+-------+-------+-------+-------++-------
Melee: Unarmed           |     1 |       |       |       |       ||     1
       Club              |    38 |       |       |       |       ||    38
       Kick              |    10 |     5 |    30 |    99 |   193 ||   337
       Peck              |     7 |     7 |    14 |    61 |   110 ||   199
       Punch             |     1 |     1 |     1 |       |       ||     3
       Trident           |       |    37 |    78 |   247 |    65 ||   427
       Staff             |       |       |       |       |   318 ||   318
       Scimitar          |       |       |       |       |    11 ||    11
Throw: Dart              |       |       |       |    14 |     7 ||    21
 Cast: Shock             |    63 |    55 |   115 |   124 |    25 ||   382
       Static Discharge  |       |     1 |     9 |    66 |   223 ||   299
       Airstrike         |       |       |    15 |    58 |    94 ||   167
       Mephitic Cloud    |       |       |       |     1 |     6 ||     7
       Swiftness         |       |       |       |     1 |     1 ||     2
       Freezing Cloud    |       |       |       |       |    15 ||    15
       Lightning Bolt    |       |       |       |       |    18 ||    18
       Blink             |       |       |       |       |     2 ||     2
Invok: Channel Magic     |       |       |       |       |     6 ||     6
Evoke: Wand              |       |       |     2 |    13 |     3 ||    18
       Box of beasts     |       |       |       |     1 |       ||     1
  Use: Scroll            |       |       |     8 |     6 |     7 ||    21
 Stab: Sleeping          |     1 |       |       |     3 |     4 ||     8
       Distracted        |       |       |       |     2 |     3 ||     5
       Paralysed         |       |       |       |     8 |       ||     8
       Confused          |       |       |       |     1 |       ||     1
       Petrifying        |       |       |       |       |     1 ||     1
       Petrified         |       |       |       |       |     1 ||     1
Armor: Robe              |    18 |     8 |     4 |     7 |       ||    37
       Troll leather arm |       |       |       |    55 |    65 ||   120
Dodge: Dodged            |    48 |    30 |    81 |   365 |   370 ||   894
Block: Buckler           |       |       |       |    96 |   198 ||   294
